 Dungeon Crawl Stone Soup version 0.14.0-24-gfb45beb (webtiles) character file.

502 Mitsuki the Archer (level 6, 11/47 HPs)
             Began as a Centaur Hunter on Apr 21, 2014.
             Quit the game on Level 4 of the Dungeon on Apr 22, 2014.
             The game lasted 00:13:30 (2355 turns).

Mitsuki the Archer (Centaur Hunter)                 Turns: 2355, Time: 00:13:30

HP  11/47        AC  7     Str 15      XL: 6   Next: 34%
MP   5/5         EV  5     Int 10      God:
Gold 152         SH  0     Dex 11      Spells:  0 memorised,  5 levels left

rFire  . . .     SeeInvis .     b - +1 bow
rCold  . . .     Clarity  .     p - +0 ring mail (curse)
rNeg   . . .     Conserve .     (no shield)
rPois  .         rCorr    .     (no helmet)
rElec  .         rRot     .     q - +0 cloak
SustAb . .       Spirit   .     v - +0 pair of gloves
rMut   .         Warding  .     (no barding)
Saprov . . .     Stasis   .     (no amulet)
MR     .....                    l - ring of sustenance
                                a - cursed -2 ring of evasion

@: very quick, not resistant to hostile enchantments, extremely unstealthy
A: hooves 3, deformed body, herbivore 1, speed 2, fast metabolism 1, tough skin
3
a: no special abilities


You were on level 4 of the Dungeon.
You were not hungry.

You visited 1 branch of the dungeon, and saw 4 of its levels.

You collected 152 gold pieces.

Inventory:

Hand weapons
 b - a +1,+1 bow (weapon)
 r - a +2,+2 halberd
Missiles
 c - 10 arrows (quivered)
 A - 10 arrows of flame
Armour
 p - a cursed +0 ring mail (worn)
 q - a +0 cloak (worn)
 v - a +0 pair of gloves (worn)
Magical devices
 x - a wand of random effects (23)
Comestibles
 f - 5 bread rations
Scrolls
 i - 3 scrolls of identify
 m - a scroll of blinking
 t - a scroll of teleportation
Jewellery
 a - a cursed -2 ring of evasion (left hand)
 l - a ring of sustenance (right hand)
 y - an uncursed ring of ice {unknown}
Potions
 e - a potion of might {unknown}
 h - a potion of lignification {unknown}
 j - a potion of brilliance {unknown}
 n - 2 potions of restore abilities {unknown}
 o - a potion of degeneration {unknown}
 s - a potion of agility {unknown}
 u - 2 potions of curing {unknown}


   Skills:
 - Level 1.0 Fighting
 + Level 10.0 Bows
 - Level 1.3 Dodging
 - Level 0.5 Stealth


You had 5 spell levels left.
You didn't know any spells.

Dungeon Overview and Level Annotations

Branches:
Dungeon (4/15)
 Temple: D:4-7

Altars:
Fedhas

Annotations:
D:4 miro's ghost, experienced HECj


Innate Abilities, Weirdness & Mutations

You have hooves in place of feet.
Armour fits poorly on your strangely shaped body.
You digest meat inefficiently.
You cover ground very quickly.
You have a fast metabolism.
You have extremely tough skin (AC +3).


Message History

You shoot an arrow. The arrow misses the orc warrior.
The arrow hits the orc wizard.
The orc wizard is moderately wounded.
The orc warrior hits you from afar with a glaive!
* * * LOW HITPOINT WARNING * * *
The orc wizard mumbles some strange words.
The orc wizard seems to speed up.
You are too injured to fight recklessly!
You are too injured to fight recklessly!
You are too injured to fight recklessly!
An adder comes into view.
The orc wizard casts a spell.
The orc wizard blinks!
You see here a bat corpse.
You see here a dart.
Things that are here:
a short sword; a dart; a kobold corpse Miro's ghost (experienced High Elf Conjurer) comes into view.
You see here 2 darts.
Are you sure you want to abandon this character and quit the game? (Confirm with "yes".)

#.............#...# ............
#......#....###%..#####.......#)
#......#....'.%.8...#...........
#......#....##.....####.......#.
###############...## #.......#.
##.## #.......#. ##p# #.......#.
#.)# #.......#. ######@###
#.......#.
#.......)######%.###.#(
..............S(........
##........######..#.....
#........# #..#.....
#>.......######.)#.....
......................
.......######..#..... ......#
#..#.....


You could see miro's ghost.

Vanquished Creatures
  An ogre (D:4)
  A giant frog (D:4)
  A jelly (D:3)
  An orc wizard (D:4)
  Jessica (D:3)
  3 adders
  3 gnolls (D:2)
  2 worms
  4 giant geckos
  An ooze (D:3)
  4 orcs (D:3)
  9 bats
  3 giant cockroaches
  7 hobgoblins
  10 kobolds
  2 ball pythons (D:1)
  2 giant newts
  6 goblins
  8 rats
  3 bushes (D:2)
  2 plants (D:2)
74 creatures vanquished.

Notes
Turn   | Place    | Note
--------------------------------------------------------------
     0 | D:1      | Mitsuki, the Centaur Hunter, began the quest for the Orb.
     0 | D:1      | Reached XP level 1. HP: 16/16 MP: 1/1
   203 | D:1      | Reached XP level 2. HP: 23/23 MP: 2/2
   293 | D:1      | Reached skill level 6 in Bows
   328 | D:1      | Upgraded the game from 0.14.0-20-g75a2fc2 to 0.14.0-24-gfb45beb
   577 | D:1      | Reached XP level 3. HP: 28/28 MP: 3/3
   734 | D:2      | Reached skill level 7 in Bows
   780 | D:2      | Reached XP level 4. HP: 35/35 MP: 3/3
  1254 | D:2      | Found a blossoming altar of Fedhas.
  1540 | D:2      | Reached skill level 8 in Bows
  1791 | D:3      | Noticed Jessica
  1800 | D:3      | Killed Jessica
  1952 | D:3      | Reached XP level 5. HP: 40/40 MP: 4/4
  2176 | D:4      | Reached skill level 9 in Bows
  2201 | D:4      | Noticed an ogre
  2219 | D:4      | Killed an ogre
  2219 | D:4      | Reached XP level 6. HP: 41/47 MP: 5/5
  2312 | D:4      | Noticed an orc warrior
  2318 | D:4      | Reached skill level 10 in Bows
  2354 | D:4      | Noticed miro's ghost (experienced HECj)
  2355 | D:4      | Quit the game

Action                   |  1- 3 |  4- 6 || total
-------------------------+-------+-------++-------
Melee: Halberd           |       |   123 ||   123
 Fire: Bow               |    72 |   101 ||   173
Evoke: Wand              |       |     1 ||     1
  Use: Scroll            |       |     8 ||     8
